 Dungeon Crawl Stone Soup version 0.28-a0-883-gc8d7bad45d (webtiles) character file.

Game seed: 9143459049258904042

4 horus123 the Grave Robber (level 1, -1/13 HPs)
             Began as a Human Necromancer on Nov 22, 2021.
             Slain by a hobgoblin (3 damage)
             ... on level 1 of the Dungeon.
             The game lasted 00:00:17 (155 turns).

horus123 the Grave Robber (Human Necromancer)        Turns: 155, Time: 00:00:18

Health: -1/13      AC:  2    Str:  8    XL:     1   Next: 66%
Magic:  0/3        EV: 12    Int: 15    God:
Gold:   8          SH:  0    Dex: 13    Spells: 3/4 levels left

rFire   . . .      SeeInvis .   (no weapon)
rCold   . . .      Faith    .   (no shield)
rNeg    . . .      Spirit   .   a - +0 robe
rPois   .          Reflect  .   (no helmet)
rElec   .          Harm     .   (no cloak)
rCorr   .          Rampage  .   (no gloves)
Will    .....                   (no boots)
Stlth   ++........              (no amulet)
HPRegen 0.04/turn               (no ring)
MPRegen 0.08/turn               (no ring)

@: no status effects
A: no striking features
a: no special abilities


You were on level 1 of the Dungeon.
You visited 1 branch of the dungeon, and saw 1 of its levels.

You collected 8 gold pieces.

Inventory:

Armour
 a - a +0 robe (worn)
Scrolls
 b - a scroll of identify {unknown}
 c - a scroll of fog {unknown}


   Skills:
 + Level 2.0 Dodging
 + Level 2.0 Stealth
 + Level 2.0 Spellcasting
 + Level 4.2 Necromancy


You had 3 spell levels left.
You knew the following spells:

 Your Spells              Type           Power      Damage    Failure   Level
a - Pain                  Necr           56%        1d6       4%          1

Your spell library contained the following spells:

 Spells                   Type           Power      Damage    Failure   Level
 Animate Skeleton         Necr           28%        N/A       4%          1
 Vampiric Draining        Necr           14%        2d7       12%         3
 Animate Dead             Necr           7%         N/A       36%         4
 Agony                    Necr           14%        N/A       73%         5


Dungeon Overview and Level Annotations

Branches:
Dungeon (1/15)

Altars:


Message History

b - a scroll labelled LOUDUROALI A frilled lizard and a bat come into view.
The frilled lizard hisses angrily.
The bat writhes in agony.
You kill the bat!
The frilled lizard writhes in agony.
You kill the frilled lizard!
Magic restored.
HP restored.
Things that are here:
a frilled lizard corpse; a bat corpse A bat comes into view.
Found 8 gold pieces.
The bat writhes in agony.
The bat closely misses you.
A bat is nearby!
The bat writhes in agony.
You kill the bat!
An endoplasm comes into view.
The endoplasm quivers.
The endoplasm writhes in agony.
You kill the endoplasm!
You now have 8 gold pieces.
Found 18 stones.
c - a scroll labelled WAGYAQ HAKI As you open the door, it creaks loudly!
There is an open door here.
A hobgoblin comes into view.
The hobgoblin shouts!
The hobgoblin barely resists.
The hobgoblin hits you.
The hobgoblin barely resists.
The hobgoblin hits you.
* * * LOW HITPOINT WARNING * * *
A hobgoblin is nearby!
You are too injured to fight recklessly!
Aiming: Pain (safe; 4% risk of failure)
Press: ? - help, Q - select action Shift-Dir - straight line, f/p - hobgoblin
Aim: a hobgoblin (chance to affect: 85%)
The hobgoblin writhes in agony.
The hobgoblin closely misses you. The hobgoblin hits you.
You die...

........## #.# .....##..#
#.# .# ########.# ####.#
##.# ###.###..###....###
#...#
....##....#.......###...#
...##......†.#....#....#
......#####......#.....###
...#### ..####...........#
'### .....###@.......## .+
⌠......'.g.......# +#
.....###.....#..##
..####.......##..#
#.............#..
.........#(.##.. ##
...##..###..# # ## ###
####


You could see a hobgoblin.

Vanquished Creatures
  An endoplasm (D:1)
  2 bats (D:1)
  A frilled lizard (D:1)
4 creatures vanquished.

Notes
Turn   | Place    | Note
-------+----------+-------------------------------------------
     0 | D:1      | horus123 the Human Necromancer began the quest for the Orb.
     0 | D:1      | Reached XP level 1. HP: 13/13 MP: 3/3
   155 | D:1      | Slain by a hobgoblin

Illustrated notes

Levels and vault maps discovered:
D:1:      elethiomel_arrival_infinity_welcomes_careful_drivers, layout_rooms,
          dreamdust_ecumenical_altar_drowned_temple, lemuel_another_geyser

Action                   || total
-------------------------++-------
 Cast: Pain              ||     8
Dodge: Dodged            ||     2

Table legend: (Time is in decaauts)
 A = Elapsed time spent in this place.
 B = Non-inter-level travel time spent in this place.
 C = Inter-level travel time spent in this place.
 D = Time resting spent in this place.
 E = Time spent auto-exploring this place.
 F = Levels seen in this place.
 G = Mean time per level.
                   A        B        C        D        E       F      G
               +--------+--------+--------+--------+--------+-----+--------+
         Total |    155 |    155 |      0 |      0 |    128 |   1 |  155.0 |
       Dungeon |    155 |    155 |      0 |      0 |    128 |   1 |  155.0 |
               +--------+--------+--------+--------+--------+-----+--------+

Top non-repeatable levels by time:
     D:1: 155 daAuts
